 Dungeon Crawl Stone Soup version 0.29-a0-184-g2ef5e920f0 (console) character file.

Game seed: 12111913612524273938

204 Gather the Grave Robber (level 5, -1/37 HPs)
             Began as a Mummy Necromancer on Feb 21, 2022.
             Slain by a necrophage (5 damage)
             ... on level 4 of the Dungeon.
             The game lasted 00:15:54 (3951 turns).

Gather the Grave Robber (Mummy Necromancer)         Turns: 3951, Time: 00:15:54

Health: -1/37      AC:  2    Str: 11    XL:     5   Next: 52%
Magic:  12/12      EV: 11    Int: 17    God:
Gold:   214        SH:  3    Dex: 12    Spells: 4/13 levels left

rFire   x . .      SeeInvis .   w - +0 morningstar
rCold   + + .      Faith    .   p - +0 buckler
rNeg    + + +      Spirit   .   i - +0 robe
rPois   ∞          Reflect  .   (no helmet)
rElec   .          Harm     .   (no cloak)
rCorr   .          Rampage  .   (no gloves)
Will    .....                   (no boots)
Stlth   ++........              (no amulet)
HPRegen 0.12/turn               m - ring of protection from cold
MPRegen 0.13/turn               (no ring)

@: no status effects
A: cold resistance 1, negative energy resistance 3, torment resistance 2, heat
vulnerability 1, no potions
a: no special abilities


You were on level 4 of the Dungeon.
You visited 1 branch of the dungeon, and saw 4 of its levels.

You collected 214 gold pieces.

Inventory:

Hand Weapons
 a - the +1 dagger "Eviscerator" {freeze, rN+ Str+4 Int+3}
   (You found it on level 3 of the Dungeon)

   It freezes those it strikes, dealing additional cold damage.
   It can also slow down cold-blooded creatures.
   Str:       It affects your strength (+4).
   Int:       It affects your intelligence (+3).
   rN:        It protects you from negative energy.
 b - a +0 hunting sling
 h - a +0 short sword
 l - a +0 dagger
 o - a +0 rapier
 t - a +0 mace
 w - a +0 morningstar (weapon)
Missiles
 e - 122 stones (quivered)
Armour
 i - a +0 robe (worn)
 n - a +0 leather armour
 p - a +0 buckler (worn)
 r - a +0 kite shield
Magical Staves
 s - a staff of earth
Jewellery
 m - a ring of protection from cold (left hand)
Scrolls
 c - a scroll of blinking
 d - 2 scrolls of teleportation
 f - a scroll of fear {unknown}
 g - 3 scrolls of fog
 j - 2 scrolls of holy word
 k - a scroll of vulnerability {unknown}
 q - a scroll of enchant armour {unknown}
 u - a scroll of summoning {unknown}
 v - a scroll of magic mapping {unknown}
 x - a scroll of acquirement {unknown}


   Skills:
 + Level 1.2 Fighting
 + Level 0.1 Maces & Flails
 + Level 0.9 Armour
 - Level 1.5 Dodging
 + Level 1.6 Stealth
 + Level 0.8 Shields
 + Level 4.7 Spellcasting
 + Level 5.2 Necromancy


You had 4 spell levels left.
You knew the following spells:

 Your Spells              Type           Power      Damage    Failure   Level
a - Pain                  Necr           88%        1d8       2%          1
d - Animate Dead          Necr           11%        N/A       22%         4
v - Vampiric Draining     Necr           22%        2d7       7%          3
x - Animate Skeleton      Necr           44%        N/A       2%          1

Your spell library contained the following spells:

 Spells                   Type           Power      Damage    Failure   Level
 Agony                    Necr           22%        N/A       54%         5


Dungeon Overview and Level Annotations

Branches:
Dungeon (4/15)             Temple (0/1) D:4

Altars:
Uskayaw

Annotations:
D:4 Natasha


Innate Abilities, Weirdness & Mutations

You are immune to poison.
Your flesh is cold resistant. (rC+)
You are immune to negative energy. (rN+++)
You are immune to unholy pain and torment.
You are vulnerable to heat. (rF-)
You do not drink.


Message History

Aim: a necrophage (56% to hit)
You throw a stone. The stone barely misses the necrophage.
The necrophage hits you but does no damage.
You closely miss the necrophage. The necrophage closely misses you.
You barely miss the necrophage. You block the necrophage's attack.
The necrophage hits you.
You sock the necrophage!
The necrophage is moderately damaged.
The necrophage closely misses you.
You closely miss the necrophage.
The necrophage is moderately damaged.
The necrophage hits you but does no damage.
The necrophage hits you.
You puncture the necrophage!
The necrophage is heavily damaged.
The necrophage closely misses you.
You barely miss the necrophage.
The necrophage is heavily damaged.
The necrophage hits you! The necrophage hits you.
You puncture the necrophage!
The necrophage is almost destroyed.
The necrophage hits you.
You are too injured to fight recklessly!
You closely miss the necrophage.
The necrophage is almost destroyed.
The necrophage hits you. x2
* * * LOW HITPOINT WARNING * * *
You hit the necrophage.
The necrophage is almost destroyed.
The necrophage closely misses you.
You barely miss the necrophage.
The necrophage is almost destroyed.
The necrophage completely misses you. The necrophage hits you.
* * * LOW HITPOINT WARNING * * *
You closely miss the necrophage.
The necrophage is almost destroyed.
The necrophage hits you but does no damage.
You barely miss the necrophage.
The necrophage is almost destroyed.
The necrophage hits you.
You die...

.#...Z......#### .###
.#....... ..... .....# ....
... ##..# #.# ..### .# #.#
#...##..# ....
.#####.####.#....# ##..
.o.#............####..#
.#...........#....##..#
####.........####.##.(#
...#..o.........#.....#
.............##....#.##
##...........##.@n#..##
#...........#..#.....#
..........##...##.#.#.....#
.#...##...##.####)#.#####..
.....##...##.# #.#.####.
..... #....... ##........
..... #....... #....#####
#... ....#....#.##.# ...
............##.#
.........###.# ....... #.#


You could see a necrophage.

Vanquished Creatures
  An orc priest (D:3)
  A jelly (D:4)
  An iguana (D:4)
  Natasha (D:4)
  2 adders
  3 dart slugs
  5 orcs (D:3)
  10 bats
  3 endoplasms
  7 giant cockroaches
  5 goblins
  4 hobgoblins
  5 ball pythons
  A frilled lizard (D:2)
  A kobold (D:4)
  A quokka skeleton (D:4)
  4 rats
55 creatures vanquished.

Vanquished Creatures (collateral kills)
  An adder (D:4)
  An endoplasm (D:3)
  A kobold (D:1)
  A rat (D:2)
4 creatures vanquished.

Grand Total: 59 creatures vanquished

Notes
Turn   | Place    | Note
-------+----------+-------------------------------------------
     0 | D:1      | Gather the Mummy Necromancer began the quest for the Orb.
     0 | D:1      | Reached XP level 1. HP: 13/13 MP: 4/4
    65 | D:1      | Found a faded altar of an unknown god.
   220 | D:1      | Learned a level 1 spell: Animate Skeleton
   363 | D:1      | Reached XP level 2. HP: 19/19 MP: 6/6
  1266 | D:2      | Reached XP level 3. HP: 18/24 MP: 6/8
  1459 | D:2      | Learned a level 3 spell: Vampiric Draining
  1938 | D:3      | Reached XP level 4. HP: 28/30 MP: 2/10
  2061 | D:3      | Reached skill level 5 in Necromancy
  2449 | D:3      | Found a hide-covered altar of Uskayaw.
  2584 | D:3      | Identified the +1 dagger "Eviscerator" {freeze, rN+ Str+4
                  | Int+3}
  2887 | D:3      | Learned a level 4 spell: Animate Dead
  3190 | D:4      | Reached XP level 5. HP: 31/36 MP: 2/12
  3282 | D:4      | Found a staircase to the Ecumenical Temple.
  3464 | D:3      | Reached skill level 1 in Fighting
  3591 | D:4      | Noticed a hornet
  3591 | D:4      | Noticed a necrophage
  3648 | D:4      | Noticed Natasha
  3652 | D:4      | Killed Natasha
  3716 | D:4      | Noticed Natasha
  3951 | D:4      | Slain by a necrophage

Illustrated notes

Levels and vault maps discovered:
D:1:      ncdulo_watergridlock, layout_loops_ring, basic_ecumenical_altar
D:2:      layout_loops_ring
D:3:      layout_basic, nicolae_uskayaw_murder_on_the_dancefloor
D:4:      layout_rooms, minmay_temple_entry_large_hall, minmay_vboxes,
          uniq_natasha

Skill      XL: |  1  2  3  4  5 |
---------------+----------------+-----
Spellcasting   | 3 4 |  4.7
Necromancy     | 5 |  5.2
Fighting       | 1 |  1.2
Maces & Flails | |  0.1
Armour         | |  0.9
Dodging        | |  1.5
Stealth        | |  1.6
Shields        | |  0.8

Action                   |  1- 3 |  4- 6 || total
-------------------------+-------+-------++-------
Melee: Dagger            |    12 |    30 ||    42
       Mace              |    52 |    21 ||    73
       Punch             |     1 |     1 ||     2
       Morningstar       |       |    24 ||    24
 Fire: Hunting sling     |       |     4 ||     4
Throw: Stone             |     1 |     3 ||     4
 Cast: Pain              |    34 |    14 ||    48
       Animate Skeleton  |     2 |     4 ||     6
       Vampiric Draining |     2 |     4 ||     6
       Animate Dead      |       |     1 ||     1
  Use: Scroll            |       |     4 ||     4
 Stab: Sleeping          |     5 |     1 ||     6
Armor: Robe              |    37 |    24 ||    61
Dodge: Dodged            |   103 |    48 ||   151
Block: Buckler           |       |     6 ||     6

Table legend: (Time is in decaauts)
 A = Elapsed time spent in this place.
 B = Non-inter-level travel time spent in this place.
 C = Inter-level travel time spent in this place.
 D = Time resting spent in this place.
 E = Time spent auto-exploring this place.
 F = Levels seen in this place.
 G = Mean time per level.
                   A        B        C        D        E       F      G
               +--------+--------+--------+--------+--------+-----+--------+
         Total |   3997 |   3782 |    215 |    428 |   2611 |   4 |  999.2 |
       Dungeon |   3997 |   3782 |    215 |    428 |   2611 |   4 |  999.2 |
               +--------+--------+--------+--------+--------+-----+--------+

Top non-repeatable levels by time:
     D:3: 1767 daAuts
     D:2: 1064 daAuts
     D:1: 701 daAuts
     D:4: 463 daAuts
